[Event "WEM-IMT 2018"]
[Site "Illertissen"]
[Date "2018.09.02"]
[Round "9"]
[White "Fischer, Sebastian"]
[Black "Kabisch, Thilo"]
[Result "0-1"]
[ECO "A47"]
[WhiteElo "2292"]
[BlackElo "2314"]
[Annotator "NA"]
[PlyCount "210"]
[EventDate "2018.08.25"]
[EventType "tourn"]
[EventCountry "GER"]
[SourceTitle "playchess.com"]
[Source "ChessBase"]
[SourceQuality "1"]
[TimeControl "40/6000+30:3000+30"]

1. d4 Nf6 2. Nf3 b6 3. Bf4 Bb7 4. h3 e6 5. e3 Be7 6. Nbd2 O-O 7. Bd3 c5 8. c3 {[%emt 0:00:12] LiveBook: 336 Games} d6 9. O-O a6 10. a4 {[%emt 0:07:08] A47: 1 d4 Nf6 2 Nf3 b6: Torre, London and Colle Systems} (10. Qe2 cxd4 11. cxd4 Nc6 12. Rad1 Re8 13. Ne4 g6 14. Rfe1 b5 15. a4 bxa4 16. Nxf6+ Bxf6 17. Qc2 Ne7 18. Qxa4 Bxf3 19. gxf3 {0-1 (35) Bagheri,A (2520)-Milov,V (2652) Bastia 2005}) 10... Nc6 11. Qe2 Re8 12. Rad1 $146 ({Predecessor:} 12. Rfd1 Bf8 13. Bg5 cxd4 14. exd4 Ne7 15. h4 Ned5 16. c4 Nb4 17. Bb1 h6 18. Bxf6 Qxf6 {0-1 (55) Jacobsen,M (2090)-Barlag,C (2203) Werther 2014}) 12... Qc7 13. Bh2 e5 14. dxc5 bxc5 15. e4 Nd8 16. b4 Ne6 17. Bc4 Nd7 18. Rc1 a5 19. b5 Nb6 ({Black should play} 19... Nf4 $14 20. Qe3 Ne6) 20. Bb3 (20. Bxe6 $16 fxe6 21. Nc4) 20... c4 21. Nxc4 Nxc4 22. Bxc4 Nc5 23. Qa2 Rf8 24. Bd5 Nxe4 25. Bxb7 Qxb7 26. c4 Rac8 {[%emt 0:01:22] [#]} 27. Nd2 $1 Bg5 28. Nxe4 Qxe4 29. Rfe1 Qd4 30. Red1 Qc5 {[%emt 0:02:31] [#]} 31. Rc3 (31. Rc2 $1 $16) 31... h6 ({Günstiger ist} 31... Rfd8 $14) 32. Kh1 Rc7 (32... Rfe8 $142 33. Bg1 Qc7) 33. Bg1 Qb4 34. Rb3 $2 ({White has to play} 34. Rc2 $18) 34... Qxc4 35. b6 Rb7 36. Qb1 Be7 37. Rc1 Qxa4 38. Rc7 $2 (38. Rb5 $15) 38... Rfb8 39. f3 Bd8 40. Rxb7 Rxb7 41. Rb5 $1 g6 {[%emt 0:07:09] [#]} (41... Qc4 $1 $11 {remains equal.}) 42. Qd3 $1 Bg5 $2 (42... Qh4 $16 {is a better chance.}) 43. Rd5 Qa1 44. Rxd6 Qe1 45. Qb3 ({Don't blunder} 45. Qd5 $2 {[#]} Be3 $1 $19 ) 45... a4 46. Qxa4 Kg7 47. Rd1 Qe2 48. Rb1 Bf4 49. Qc6 Qa6 50. Qe4 h5 51. Qc6 h4 52. Bh2 Qd3 53. Qb5 (53. Rc1 $16 Qd7 54. Bxf4 Qxc6 55. Bxe5+ (55. Rxc6 exf4 56. Kg1 Rd7 $14) 55... Qf6 56. Bxf6+ Kxf6 57. Rb1) 53... Qxb5 54. Rxb5 Bxh2 55. Kxh2 Kf6 56. Kg1 Ke6 57. Kf2 Kd6 58. f4 exf4 59. Kf3 Kc6 60. Rb4 g5 61. Kg4 f6 62. Rc4+ Kd5 63. Rb4 Kc5 64. Rb2 Rxb6 65. Re2 Kd4 66. Kf5 Kd3 67. Ra2 Ke3 68. Rc2 Rd6 69. Ra2 Rd2 70. Ra3+ Rd3 71. Ra2 Rd2 72. Ra3+ Kf2 73. Kxf6 Kxg2 74. Kxg5 f3 75. Kxh4 Rd4+ 76. Kg5 f2 77. Ra2 Ra4 78. Rxa4 f1=Q 79. Rg4+ Kh2 80. h4 Qf7 81. h5 Qg7+ 82. Kf5 Qh7+ 83. Kg5 Qg7+ 84. Kf5 Qh6 85. Rh4+ Kg3 86. Rg4+ Kh3 87. Re4 Qxh5+ 88. Ke6 Kg3 89. Re5 Qh7 90. Kd5 Kf4 91. Re6 Qd7+ 92. Rd6 Qb5+ 93. Ke6 Qf5+ 94. Ke7 Ke5 95. Rc6 Qh7+ 96. Kd8 Kd5 $19 (96... Qh4+ $142 97. Kd7 Qa4 98. Kc7 Qa7+ 99. Kd8 Qb8+ 100. Kd7 Qb7+ 101. Rc7 Qd5+ 102. Kc8 Ke6 103. Rb7 Qc4+ 104. Rc7 Qa4 105. Rb7 Kd6 106. Kb8 Qd4 107. Rb1 Kc6 108. Rc1+ Kb6 109. Rb1+ Ka6 110. Kc8 Qc4+ 111. Kd7 Qd3+ 112. Ke6 Qxb1 113. Kf6 Qb5 114. Kg6 Kb6 115. Kh6 Qf5 116. Kg7 Qg5+ 117. Kh7 Kc6 118. Kh8 Kd6 119. Kh7 Ke7 120. Kh8 Kf8 121. Kh7 Qh5#) 97. Rc7 Qg8+ 98. Kd7 Qb8 99. Rc1 Qd6+ 100. Kc8 Qf8+ 101. Kb7 Qb4+ 102. Kc8 Qg4+ 103. Kb7 Qg7+ 104. Kc8 Qh8+ 105. Kb7 Qb2+ 0-1